AoeStats
← ...CGR...

Arena

507830231Analyzed
1v1 RM · 11d ago on Sep 19, 2026· 21m 10s· 2 players
Game mode
Random Map
Map size
Tiny (2 player)
Population
200
Speed
Normal
Resources
Standard
Victory
Conquest
Starting age
Dark Age
Ending age
Imperial Age
RankedLock teamsTeams togetherTeam positionsShared explorationLock speedFull tech treeHidden civsTurbo modeCheats
Victory
Defeat
🇹🇷 Mongols · Türkiye
704
+18
🇸🇦 Ethiopians · Saudi Arabia
752
-18
PENAROZAx
9:47 Loom
11:34 Feudal Age
14:11 Double-Bit Axe
17:51 Castle Age
17:33 Horse Collar
20:25 Wheelbarrow
20:29 Squires
20:41 Scale Mail Armor
...CGR...
9:42 Feudal Age
10:17 Horse Collar
11:19 Double-Bit Axe
20:09 Castle Age
19:35 Bloodlines
20:00 Arson
20:58 Heavy Plow
Connection lost

Rejoining the realm…

Still unreachable

The connection could not be restored.

Session expired

The server has moved on; the page needs a fresh start.